 Dungeon Crawl Stone Soup version 0.31-a0-236-g9a0961fb85 (webtiles) character file.

Game seed: 9273165243428532966

143 arthad the Shield-Bearer (level 5, -5/42 HPs)
             Began as a Formicid Fighter on July 10, 2023.
             Slain by Duvessa
             ... wielding a +0 rapier
              (11 damage)
             ... on level 4 of the Dungeon.
             The game lasted 00:03:53 (2529 turns).

arthad the Shield-Bearer (Formicid Fighter)         Turns: 2529, Time: 00:03:54

Health: -5/42      AC:  7    Str: 23    XL:     5   Next: 50%
Magic:  5/5        EV:  9    Int:  7    God:
Gold:   113        SH: 10    Dex: 13    Spells: 4/4 levels left

rFire   . . .        a - +0 war axe
rCold   . . .        c - +0 buckler
rNeg    . . .        b - +0 scale mail
rPois   .            (helmet unavailable)
rElec   .            (no cloak)
rCorr   .            (no gloves)
SInv    +            (no boots)
Will    .....        p - amulet of reflection Stlth
                     (no ring)
HPRegen 0.27/turn    (no ring)
MPRegen 0.09/turn

%: reflection
@: mighty
A: permanent stasis, dig shafts and tunnels, antennae 3, four strong arms
a: Dig, Shaft Self


You were on level 4 of the Dungeon.
You visited 1 branch of the dungeon, and saw 4 of its levels.

You collected 113 gold pieces.

Inventory:

Hand Weapons
 a - a +0 war axe (weapon)
Missiles
 f - 8 poisoned darts (quivered)
Armour
 b - a +0 scale mail (worn)
 c - a +0 buckler (worn)
Jewellery
 p - an amulet of reflection (around neck)
Scrolls
 g - 2 scrolls of identify {unknown}
 j - a scroll of vulnerability {unknown}
 m - a scroll of teleportation {unknown}
Potions
 d - 2 potions of might
 e - 2 potions of lignification {unknown}
 h - 3 potions of curing
 i - 3 potions of brilliance {unknown}
 k - a potion of heal wounds {unknown}
 l - 2 potions of magic {unknown}
 n - a potion of berserk rage {unknown}
 o - a potion of enlightenment {unknown}


   Skills:
 + Level 4.2 Fighting
 + Level 3.1 Axes
 + Level 4.2 Armour
 + Level 5.1 Shields


You had 4 spell levels left.
You didn't know any spells.
Your spell library contained the following spells:

 Spells                   Type           Power      Damage    Failure   Level
 Simulacrum               Ice/Necr       0%         N/A       100%        6
 Ozocubu's Refrigeration  Ice            0%         4d7       100%        7
 Polar Vortex             Ice            0%         N/A       100%        9


Dungeon Overview and Level Annotations

Branches:
Dungeon (4/15)
 Temple: D:4-7

Altars:
Wu Jian

Shops:
D:1 [   D:3 ?

Annotations:
D:4 Duvessa


Innate Abilities, Weirdness & Mutations

You cannot be hasted, slowed, berserked, paralysed or teleported.
You can dig through walls and to a lower floor.
You have a pair of large antennae on your head. (SInv)
Your four strong arms can wield two-handed weapons with a shield.


Message History

The poisoned dart completely misses Duvessa.
Throw: 9 darts (poison)
Press: ? - help, Q - select action, (/) - cycle Shift-Dir - straight line, f/p - Duvessa
Aim: Duvessa, wielding a +0 rapier and wearing a +0 leather armour (berserk, 63% to hit)
You throw a poisoned dart. The poisoned dart hits Duvessa.
Duvessa is poisoned.
Duvessa rages.
Duvessa closely misses you.
You hit Duvessa.
Duvessa is lightly wounded.
Duvessa hits you but does no damage. You block Duvessa's attack.
You barely miss Duvessa.
Duvessa is lightly wounded.
Duvessa hits you with a +0 rapier.
A hobgoblin comes into view.
Duvessa hits you with a +0 rapier!
It was a potion of curing.
You feel better. You block Duvessa's attack.
You closely miss Duvessa.
Duvessa is lightly wounded.
You block Duvessa's attack. x2
You slash Duvessa!
Duvessa is moderately wounded.
You closely miss the hobgoblin.
Duvessa looks more healthy.
The hobgoblin no longer looks unusually strong.
You block Duvessa's attack.
The hobgoblin hits you but does no damage.
Duvessa hits you with a +0 rapier! The hobgoblin closely misses you.
Duvessa hits you with a +0 rapier!
You slash Duvessa!
Duvessa is heavily wounded.
You slash the hobgoblin!
You kill the hobgoblin!
Duvessa hits you but does no damage. You block Duvessa's attack.
You slash Duvessa!
Duvessa is severely wounded.
Duvessa hits you but does no damage. Duvessa hits you with a +0 rapier!
* * * LOW HITPOINT WARNING * * *
You hit Duvessa.
Duvessa is almost dead.
Duvessa hits you with a +0 rapier!
You die...

#.# ###.### ...
<.....# ## #.#
##.....##.. #.#
#...#..... #†#
#.......# #.#
#..#.#.#.# #.#
#.........
#.##<#####.).†#.#..#
#........#).@e(..(#
#..#####)))...#..##
#.. #.#).### #.# #.
#....... . #.
#.#..###.. # #.#...
....### #.#### .


You could see Duvessa (berserk).

Vanquished Creatures
  Dowan (D:4)
  Robin (D:4)
  An adder (D:2)
  A dart slug (D:2)
  2 orcs
  11 ball pythons
  5 endoplasms
  4 giant cockroaches
  16 goblins
  8 hobgoblins
  4 kobolds
  3 quokkas
  2 bats
  A frilled lizard (D:1)
  6 rats
66 creatures vanquished.

Notes
Turn   | Place    | Note
-------+----------+-------------------------------------------
     0 | D:1      | arthad the Formicid Fighter began the quest for the Orb.
     0 | D:1      | Reached XP level 1. HP: 18/18 MP: 1/1
   130 | D:1      | Found Sotaibef's Antique Armour Shoppe.
   221 | D:1      | Reached XP level 2. HP: 21/24 MP: 2/2
   813 | D:2      | Reached XP level 3. HP: 30/30 MP: 3/3
   905 | D:2      | Found an ornate altar of the Wu Jian Council.
  1191 | D:2      | Reached XP level 4. HP: 36/37 MP: 4/4
  2382 | D:3      | Found Paquar's Magic Scroll Shoppe.
  2505 | D:4      | Noticed Robin
  2506 | D:4      | Noticed Dowan
  2512 | D:4      | Killed Dowan
  2513 | D:4      | Reached skill level 5 in Shields
  2513 | D:4      | Reached XP level 5. HP: 34/42 MP: 5/5
  2516 | D:4      | Killed Robin
  2518 | D:4      | Noticed Duvessa
  2529 | D:4      | Slain by Duvessa

Illustrated notes

Levels and vault maps discovered:
D:1:      evilmike_arrival_crescent, layout_loops_cross, serial_shops,
          nicolae_shop_tiny_real_fake_doors
D:2:      layout_basic, basic_altar, serial_bayou_lagoon_a, minmay_door_square
D:3:      layout_basic, serial_shops, shop
D:4:      layout_loops_ring, chequers_temple_overflow_statue_of_worship,
          uniq_duvessa, uniq_robin

Skill      XL: |  1  2  3  4 |
---------------+-------------+-----
Fighting       | 4 |  4.2
Axes           | 3 |  3.1
Armour         | 4 |  4.2
Shields        | 5 |  5.1

Action                     |  1- 3 |  4- 6 || total
---------------------------+-------+-------++-------
  Melee: War axe           |    85 |    55 ||   140
  Throw: Dart              |       |     2 ||     2
    Use: Potion            |       |     2 ||     2
 Armour: Scale mail        |    36 |    27 ||    63
  Dodge: Dodged            |    38 |    32 ||    70
  Block: Buckler           |    18 |    25 ||    43

Table legend: (Time is in decaauts)
 A = Elapsed time spent in this place.
 B = Non-inter-level travel time spent in this place.
 C = Inter-level travel time spent in this place.
 D = Time resting spent in this place.
 E = Time spent auto-exploring this place.
 F = Levels seen in this place.
 G = Mean time per level.
                   A        B        C        D        E       F      G
               +--------+--------+--------+--------+--------+-----+--------+
         Total |   2599 |   2443 |    156 |      0 |   2033 |   4 |  649.8 |
       Dungeon |   2599 |   2443 |    156 |      0 |   2033 |   4 |  649.8 |
               +--------+--------+--------+--------+--------+-----+--------+

Top non-repeatable levels by time:
     D:3: 926 daAuts
     D:1: 818 daAuts
     D:2: 811 daAuts
     D:4: 41 daAuts
